 Dungeon Crawl Stone Soup version 0.14-a0-942-gbd853f2 (webtiles) character file.

353 PolkaDot the Ruinous (level 5, 0/35 HPs)
             Began as a Vampire Conjurer on Nov 19, 2013.
             Slain by a gnoll
             ... wielding a +0,+2 halberd
              (12 damage)
             ... on Level 3 of the Dungeon.
             The game lasted 00:10:18 (3150 turns).

PolkaDot the Ruinous (Vampire Conjurer)             Turns: 3150, Time: 00:10:18

HP   0/35        AC  3     Str  7      XL: 5   Next: 51%
MP   3/11        EV 12     Int 18      God:
Gold 150         SH  0     Dex 14      Spells:  2 memorised,  6 levels left

Res.Fire  : . . .   See Invis. : +   t - +1 orc trident
Res.Cold  : . . .   Warding    : .   a - +0 robe
Life Prot.: . . .   Conserve   : .   (no shield)
Res.Poison: .       Res.Corr.  : .   (no helmet)
Res.Elec. : .       Clarity    : .   (no cloak)
Sust.Abil.: . .     Spirit.Shd : .   (no gloves)
Res.Mut.  : .       Stasis     : .   v - +0 pair of boots
Res.Rott. : .       Flight     : .   (no amulet)
Saprovore : . . .                    (no ring)
                                     (no ring)

@: regenerating quickly, slightly resistant to hostile enchantments, stealthy
A: fangs 3, see invisible, unbreathing
a: no special abilities


You were on level 3 of the Dungeon.
You were full.

You visited 1 branch of the dungeon, and saw 4 of its levels.

You collected 150 gold pieces.

Inventory:

Hand weapons
 t - a +1,+1 orcish trident (weapon)
Armour
 a - a +0 robe (worn)
 v - a +0 pair of boots (worn)
Magical devices
 p - a wand of draining (2)
Scrolls
 d - a scroll of magic mapping {unknown}
 e - a scroll of fear {unknown}
 f - a scroll of curse armour {unknown}
 g - 2 scrolls of remove curse
 h - a scroll of curse weapon {unknown}
 i - a scroll of enchant weapon II {unknown}
 k - 2 scrolls of amnesia {unknown}
 l - 5 scrolls of identify
 m - a scroll of enchant weapon I {unknown}
 n - a scroll of curse jewellery {unknown}
 o - 2 scrolls of random uselessness {unknown}
 r - a scroll of recharging {unknown}
Jewellery
 u - an uncursed ring of protection from fire {unknown}
 w - an uncursed amulet of rage {unknown}
Potions
 j - a potion of invisibility {unknown}
 q - 2 potions of curing
 s - a potion of heal wounds
Books
 b - a book of Control

   Spells                             Type                      Level
   Control Teleport                   Charms/Translocation         4
   Control Undead                     Necromancy                   4
   Enslavement                        Hexes                        4
   Mass Confusion                     Hexes                        6
   Metabolic Englaciation             Hexes/Ice                    6
 c - a book of Conjurations

   Spells                             Type                      Level
   *Magic Dart                        Conjuration                  1
   *Searing Ray                       Conjuration                  2
   Dazzling Spray                     Conjuration/Hexes            3
   Iskenderun's Mystic Blast          Conjuration                  4
   Iskenderun's Battlesphere          Conjuration/Charms           4
   Fulminant Prism                    Conjuration/Hexes            5


   Skills:
 - Level 2.1 Dodging
 - Level 3.0 Stealth
 + Level 2.9 Spellcasting
 * Level 4.5 Conjurations


You had 6 spell levels left.
You knew the following spells:

 Your Spells              Type           Power        Failure   Level  Hunger
a - Magic Dart            Conj           ###.         2%          1    None
s - Searing Ray           Conj           ###...       4%          2    ##.....


Dungeon Overview and Level Annotations

Branches:
Dungeon (4/16)
 Temple: D:4-7

Altars:
Xom

Shops:
D:4 }


Innate Abilities, Weirdness & Mutations

Your natural rate of healing is unusually fast.
You have razor-sharp teeth.*
You have supernaturally acute eyesight.
You can survive without breathing.*


Message History

The gnoll is lightly wounded.
The gnoll hits you but does no damage.
The searing ray hits the gnoll.
The gnoll is moderately wounded.
The gnoll hits you with a halberd!
* * * LOW HITPOINT WARNING * * *
The searing ray hits the gnoll.
You kill the gnoll!
The searing ray misses the gnoll.
The searing ray hits the gnoll.
You kill the gnoll!
* * * LOW MAGIC WARNING * * *
The gnoll unwields an uncursed club.
The gnoll drops an uncursed club.
The gnoll picks up a halberd.
The gnoll wields a halberd.
A giant cockroach comes into view.
The giant cockroach barely misses you.
You hit the giant cockroach.
The giant cockroach is moderately wounded.
The giant cockroach closely misses you.
The gnoll hits you from afar with a halberd!
You die...

#####......######################
.(...............................
#####......######################
#......##....................
#####......##.######.............
...................)..).....)....
########.####.######.############
....####.####.######.############
...............s@.g...........).)
....####.####.######.############
....# #.# #.# #)# #.### #.# #.#
#.# #.# #.# #.######.# #.# #.#
#........# #.# #.# #........#
#.######.####.<......# ########
#.........)))........# #......#


You could see a gnoll and a giant cockroach.

Vanquished Creatures
  Jessica (D:2)
  6 adders
  4 gnolls
  4 worms
  A giant gecko (D:3)
  An ooze (D:2)
  4 giant cockroaches
  4 goblins
  9 hobgoblins
  11 jackals
  5 kobolds
  A ball python (D:3)
  8 bats
  2 giant newts
  3 orcs (D:3)
  6 rats
70 creatures vanquished.

Notes
Turn   | Place    | Note
--------------------------------------------------------------
     0 | D:1      | PolkaDot, the Vampire Conjurer, began the quest for the Orb.
     0 | D:1      | Reached XP level 1. HP: 13/13 MP: 4/4
   583 | D:2      | Reached XP level 2. HP: 19/19 MP: 2/5
   734 | D:2      | Noticed Jessica
   746 | D:2      | Killed Jessica
   746 | D:2      | Reached XP level 3. HP: 12/24 MP: 0/7
  1048 | D:2      | Learned a level 2 spell: Searing Ray
  1679 | D:2      | Reached skill level 4 in Conjurations
  1679 | D:2      | Reached XP level 4. HP: 25/30 MP: 1/8
  2527 | D:3      | Reached XP level 5. HP: 21/35 MP: 6/11
  3046 | D:4      | Found Nouzxits' Gadget Emporium.
  3115 | D:4      | Found a shimmering altar of Xom.
  3115 | D:4      | Found a shimmering altar of Xom.
  3150 | D:3      | Slain by a gnoll

Action                   |  1- 3 |  4- 6 || total
-------------------------+-------+-------++-------
Melee: Unarmed           |    13 |       ||    13
       Spear             |    10 |    74 ||    84
       Trident           |       |    30 ||    30
 Cast: Magic Dart        |    66 |       ||    66
       Searing Ray       |     2 |    14 ||    16
Evoke: Wand              |       |     1 ||     1
  Use: Scroll            |     3 |       ||     3
       Potion            |     3 |       ||     3
 Stab: Sleeping          |       |     2 ||     2
